 Dungeon Crawl Stone Soup version 0.26-a0-639-g72c4674 (webtiles) character file.

Game seed: 18019372267669302442

452 B1Gdaddy5 the Shooter (level 7, -1/54 HPs)
             Began as a Human Wanderer on Sept 19, 2020.
             Was a Follower of Okawaru.
             Slain by Eustachio
             ... wielding a +0 falchion of electrocution
              (2 damage)
             ... on level 4 of the Dungeon on Sept 20, 2020.
             The game lasted 00:27:03 (3413 turns).

B1Gdaddy5 the Shooter (Human Wanderer)              Turns: 3413, Time: 00:27:04

Health: -1/54      AC:  6    Str: 13    XL:     7   Next: 26%
Magic:  7/7        EV: 10    Int: 13    God:    Okawaru [*.....]
Gold:   148        SH:  0    Dex: 13    Spells: 6/6 levels left

rFire    . . .     SeeInvis .   a - +3 shortbow
rCold    . . .     Faith    .   (shield currently unavailable)
rNeg     . . .     Spirit   .   j - +0 ring mail
rPois    .         Reflect  .   (no helmet)
rElec    .         Harm     .   e - +0 cloak
rCorr    +         Rampage  .   (no gloves)
MR       .....                  (no boots)
Stlth    ++........             f - amulet of magic regeneration
HPRegen  0.18/turn              u - ring of resist corrosion
MPRegen  0.35/turn              h - ring of stealth

@: about to teleport
A: no striking features
a: Heroism, Renounce Religion


You were on level 4 of the Dungeon.
You worshipped Okawaru.
Okawaru was aware of your devotion.
You visited 1 branch of the dungeon, and saw 4 of its levels.

You collected 148 gold pieces.

Inventory:

Hand Weapons
 a - a +3 shortbow (weapon)
Missiles
 b - 84 arrows (quivered)
Armour
 d - a +0 robe
 e - a +0 cloak (worn)
 j - a +0 ring mail (worn)
Jewellery
 f - an amulet of magic regeneration (around neck)
 h - a ring of stealth (right hand)
 u - a ring of resist corrosion (left hand)
Wands
 r - a wand of paralysis (6)
 s - a wand of random effects (28)
Scrolls
 c - 2 scrolls of teleportation
 g - a scroll of magic mapping
 v - a scroll of immolation {unknown}
 w - a scroll of amnesia {unknown}
Potions
 i - 2 potions of haste
 k - a potion of mutation
 l - a potion of stabbing
 m - a potion of brilliance {unknown}
 n - 2 potions of flight
 o - a potion of heal wounds {unknown}
 p - a potion of resistance {unknown}


   Skills:
 + Level 4.3 Fighting
 + Level 5.5 Bows
 + Level 3.0 Armour
 - Level 0.2 Dodging
 * Level 2.4 Stealth
   Level 2.0 Shields
 - Level 1.0 Unarmed Combat


You had 6 spell levels left.
You didn't know any spells.
Your spell library contained the following spells:

 Spells                   Type           Power        Failure   Level
 Corona                   Hex            #......      54%         1
 Ensorcelled Hibernation  Hex/Ice        #.....       67%         2
 Confusing Touch          Hex            #.......     88%         3
 Dazzling Flash           Conj/Hex       #.....       88%         3
 Tukima's Dance           Hex            #.......     88%         3


Dungeon Overview and Level Annotations

Branches:
Dungeon (4/15)
 Temple: D:4-7

Altars:
Okawaru

Annotations:
D:4 2 transporters, Eustachio; Sweeb's ghost, amateur OpMo


Message History

Eustachio hits you with a +0 falchion of electrocution.
You shoot an arrow. The arrow hits Eustachio!
Eustachio is heavily wounded.
Eustachio barely misses you.
You shoot an arrow. The arrow barely misses Eustachio.
Eustachio hits you with a +0 falchion of electrocution.
You are electrocuted!
* * * LOW HITPOINT WARNING * * *
You are too injured to fight recklessly!
You are too injured to fight recklessly!
You are too injured to fight recklessly!
You are too injured to fight recklessly!
You feel better.
Eustachio hits you with a +0 falchion of electrocution.
You are electrocuted!
* * * LOW HITPOINT WARNING * * *
As you read the scroll of teleportation, it crumbles to dust.
You feel strangely unstable.
Eustachio hits you with a +0 falchion of electrocution.
You die...

# #.###...#..# # #
#.....#..### #
##.........# # # ###
###..#.#.##.# # ..
#.. #.#..#....#.# #
.(.##(.
#.#..#.#..#.# #
.>(..((
#.#....#..#.# .
#..r###.##.#.#..#.#
.
#..5@@.....#.#..#.#
#.#b###.####.#..#.#
#.............#.####
#####.####.#<.#.....
#.# #.######### #.#
#.....# #.# #####.#
#.. #.# ### #.#####


You could see Eustachio, an ufetubus (summoned), a bat (summoned) and a rat
(summoned).

Vanquished Creatures
  An ogre (D:4)
  A phantom (D:4)
  A hound (D:4)
  A bullfrog skeleton (D:4)
  Natasha (thrice) (D:2)
  Robin (D:4)
  4 adders
  2 oozes (D:3)
  An adder skeleton (D:4)
  3 dart slugs
  3 leopard geckos
  3 orcs (D:3)
  3 giant cockroaches
  17 goblins
  10 hobgoblins
  15 kobolds
  2 quokkas
  3 bats
  5 frilled lizards
  A quokka skeleton (D:4)
  6 rats
86 creatures vanquished.

Notes
Turn   | Place    | Note
-------+----------+-------------------------------------------
     0 | D:1      | B1Gdaddy5 the Human Wanderer began the quest for the Orb.
     0 | D:1      | B1Gdaddy5 set off with the following items: a +2 shortbow,
                  | 27 arrows, 2 scrolls of teleportation, a +0 robe
     0 | D:1      | Reached XP level 1. HP: 18/18 MP: 1/1
   397 | D:1      | Reached XP level 2. HP: 24/24 MP: 2/2
   612 | D:1      | Reached XP level 3. HP: 29/29 MP: 3/3
  1176 | D:2      | Reached skill level 3 in Bows
  1176 | D:2      | Reached XP level 4. HP: 25/37 MP: 4/4
  1471 | D:2      | Noticed Natasha
  1476 | D:2      | Killed Natasha
  1538 | D:2      | Reached XP level 5. HP: 42/42 MP: 5/5
  1630 | D:2      | Noticed Natasha
  1633 | D:2      | Killed Natasha
  1633 | D:2      | Reached skill level 4 in Bows
  1648 | D:2      | Noticed Natasha
  1656 | D:2      | Killed Natasha
  1656 | D:2      | Reached skill level 1 in Stealth
  2374 | D:3      | Found an iron altar of Okawaru.
  2397 | D:3      | Became a worshipper of Warmaster Okawaru
  2472 | D:3      | Reached XP level 6. HP: 48/48 MP: 6/6
  2584 | D:4      | Found a transporter.
  2584 | D:4      | Noticed Sweeb's ghost (amateur OpMo)
  2594 | D:4      | Found a transporter.
  2613 | D:4      | Noticed Robin
  2627 | D:4      | Killed Robin
  2787 | D:4      | Noticed a phantom
  2821 | D:4      | Killed a phantom
  2821 | D:4      | Reached skill level 5 in Bows
  2874 | D:4      | Reached XP level 7. HP: 37/54 MP: 7/7
  3327 | D:4      | Reached * piety under Okawaru
  3394 | D:4      | Noticed Eustachio
  3412 | D:4      | HP: 1/54 [Eustachio/+0 falchion of electrocution (16)]
  3413 | D:4      | Slain by Eustachio

Illustrated notes

Levels and vault maps discovered:
D:1:      dpeg_arrival_round_a, layout_basic
D:2:      layout_loops_ring, uniq_natasha
D:3:      layout_loops_ring, okawaru_trees_2
D:4:      layout_basic, gammafunk_ghost_arena, serial_shops, shop,
          bh_walls_and_bars, uniq_eustachio, uniq_robin

Skill      XL: |  1  2  3  4  5  6  7 |
---------------+----------------------+-----
Bows           | 3 4 5 |  5.5
Stealth        | 1 2 |  2.4
Fighting       | 4 |  4.3
Armour         | 3 |  3.0
Dodging        | |  0.2
Shields        | |  2.0
Unarmed Combat | |  1.0

Action                   |  1- 3 |  4- 6 |  7- 9 || total
-------------------------+-------+-------+-------++-------
 Fire: Shortbow          |    72 |   159 |    26 ||   257
  Use: Scroll            |       |    10 |     2 ||    12
       Potion            |       |       |     2 ||     2
Armor: Ring mail         |     6 |    18 |     1 ||    25
       Robe              |     2 |       |       ||     2
Dodge: Dodged            |    15 |    28 |     4 ||    47

Table legend: (Time is in decaauts)
 A = Elapsed time spent in this place.
 B = Non-inter-level travel time spent in this place.
 C = Inter-level travel time spent in this place.
 D = Time resting spent in this place.
 E = Time spent auto-exploring this place.
 F = Levels seen in this place.
 G = Mean time per level.
                   A        B        C        D        E       F      G
               +--------+--------+--------+--------+--------+-----+--------+
         Total |   3438 |   3350 |     88 |    523 |   1597 |   4 |  859.5 |
       Dungeon |   3438 |   3350 |     88 |    523 |   1597 |   4 |  859.5 |
               +--------+--------+--------+--------+--------+-----+--------+

Top non-repeatable levels by time:
     D:1: 1062 daAuts
     D:2: 899 daAuts
     D:4: 834 daAuts
     D:3: 642 daAuts
